 Dungeon Crawl Stone Soup version 0.17.0-23-g0de4337 (webtiles) character file.

20 radek the Digger (level 2, -6/15 HPs)
             Began as a Gargoyle Earth Elementalist on Nov 13, 2015.
             Mangled by Sigmund
             ... wielding a +0 scythe
              (12 damage)
             ... on level 2 of the Dungeon.
             The game lasted 00:05:02 (1602 turns).

radek the Digger (Gargoyle Earth Elementalist)      Turns: 1602, Time: 00:05:02

Health: -6/15      AC:  4    Str: 11    XL:     2   Next: 79%
Magic:  0/5        EV: 12    Int: 15    God:
Gold:   34         SH:  0    Dex: 10    Spells: 1 memorised, 5 levels left

rFire  . . .     SeeInvis .     b - 69 stones
rCold  . . .     Clarity  .     a - +0 robe
rNeg   + . .     SustAt   .     (no shield)
rPois  ∞         Gourm    .     (no helmet)
rElec  +         Spirit   .     (no cloak)
rCorr  .         Warding  .     (no gloves)
rMut   .         Stasis   .     (no boots)
MR     .....                    (no amulet)
Stlth  ++........               (no ring)
                                (no ring)

@: not resistant to hostile enchantments, unstealthy
A: negative energy resistance 1, electricity resistance, unbreathing,
petrification resistance, rot immunity, AC +2
a: no special abilities


You were on level 2 of the Dungeon.
You were very hungry.

You visited 1 branch of the dungeon, and saw 2 of its levels.

You collected 34 gold pieces.

Inventory:

Hand Weapons
 h - a +0 mace
 k - a +0 dagger
Missiles
 b - 69 stones (in hand)
Armour
 a - a +0 robe (worn)
Potions
 e - a potion of resistance {unknown}
 g - a potion of flight {unknown}
 i - 2 potions of curing {unknown}
Books
 c - a book of Geomancy

   Spells                             Type                      Level
   a - Sandblast                      Earth                        1
   b - Stoneskin                      Transmutation/Earth          2
   c - Passwall                       Transmutation/Earth          3
   d - Stone Arrow                    Conjuration/Earth            3
   e - Petrify                        Transmutation/Earth          4
   f - Lee's Rapid Deconstruction     Earth                        5
Comestibles
 d - a bread ration


   Skills:
 - Level 1.5 Dodging
 - Level 2.1 Stealth
 + Level 2.6 Spellcasting
   Level 0.7 Transmutations
 + Level 4.1 Earth Magic


You had 5 spell levels left.
You knew the following spells:

 Your Spells              Type           Power        Failure   Level  Hunger
a - Sandblast             Erth           ##....       4%          1    #......


Dungeon Overview and Level Annotations

Branches:
Dungeon (2/15)

Altars:
Xom

Annotations:
D:2 Sigmund


Innate Abilities, Weirdness & Mutations

You are resistant to torment.
Your stone body is resilient (AC +2).
You are immune to poison.
You resist negative energy.
You are resistant to electric shocks.
You can survive without breathing.
You are immune to petrification.
You are immune to rotting.


Message History

Press: ? - help, Shift-Dir - straight line
Casting: Sandblast
Confirm with . or Enter, or press ? or * to list all spells.
Aiming: Sandblast
Press: ? - help, Shift-Dir - straight line You hear some strange, mumbled words.
A puff of flame appears from out of thin air!
The puff of flame misses you.
Casting: Sandblast
Confirm with . or Enter, or press ? or * to list all spells.
Aiming: Sandblast
Press: ? - help, Shift-Dir - straight line Something hits you.
Casting: Sandblast
Confirm with . or Enter, or press ? or * to list all spells.
Aiming: Sandblast
Press: ? - help, Shift-Dir - straight line Something hits you!
Ouch! That really hurt!
You die...

###..<.......
#.......#####
#.#..##.# #.#..##.##
.. #.#......# #.# #
#.#.###..####.##.####
#.#..................
#...<....####.##...#
###..#....@........###
#..#.#..............
#.................##
###..######.........
#..# #....>..# #..#
###...### #..# ....#
#..# ^^^...# ^_^.#.#


There were no monsters in sight!

Vanquished Creatures
  2 giant cockroaches (D:1)
  2 goblins (D:1)
  4 hobgoblins (D:1)
  A quokka (D:2)
  A ball python (D:1)
  3 bats (D:1)
  2 giant geckos (D:1)
  A giant newt (D:1)
  2 rats (D:1)
18 creatures vanquished.

Notes
Turn   | Place    | Note
--------------------------------------------------------------
     0 | D:1      | radek the Gargoyle Earth Elementalist began the quest for the Orb.
     0 | D:1      | Reached XP level 1. HP: 10/10 MP: 3/3
   462 | D:1      | Reached XP level 2. HP: 10/15 MP: 5/5
   919 | D:1      | Reached skill level 4 in Earth Magic
  1589 | D:2      | Noticed Sigmund
  1590 | D:2      | Found a shimmering altar of Xom.
  1602 | D:2      | Mangled by Sigmund

Action                   || total
-------------------------++-------
Melee: Club              ||    16
       Mace              ||    17
       Dagger            ||    23
 Cast: Sandblast         ||     5
 Stab: Sleeping          ||     4
  Eat: Chunk             ||     1
